 Dungeon Crawl Stone Soup version 0.23.1 (webtiles) character file.

Game seed: 9973765255689434335

415 Acheron the Chopper (level 6, -7/55 HPs)
             Began as a Hill Orc Abyssal Knight on Mar 7, 2019.
             Was a Believer of Lugonu.
             Mangled by Menkaure (16 damage)
             ... on level 4 of the Dungeon.
             The game lasted 00:17:01 (4064 turns).

Acheron the Chopper (Hill Orc Abyssal Knight)       Turns: 4064, Time: 00:17:02

Health: -7/55      AC:  8    Str: 15    XL:     6   Next: 91%
Magic:  8/8        EV:  9    Int: 12    God:    Lugonu [**....]
Gold:   243        SH:  3    Dex: 12    Spells: 5/5 levels left

rFire    . . .     SeeInvis .   x - +2 rapier (drain)
rCold    . . .     Gourm    .   y - +0 buckler
rNeg     . . .     Faith    .   i - +0 ring mail
rPois    .         Spirit   .   v - +0 helmet
rElec    .         Reflect  .   w - +0 cloak
rCorr    .         Harm     .   (no gloves)
MR       .....                  (no boots)
Stlth    +.........             u - amulet of the acrobat
HPRegen  0.18/turn              (no ring)
MPRegen  0.11/turn              (no ring)

@: heavily drained
A: no striking features
a: Depart the Abyss, Bend Space, Renounce Religion


You were on level 4 of the Dungeon.
You worshipped Lugonu.
Lugonu was pleased with you.
You were not hungry.

You visited 1 branch of the dungeon, and saw 5 of its levels.
You visited the Abyss 1 time.

You collected 243 gold pieces.

Inventory:

Hand Weapons
 a - a +1 hand axe
 j - a +0 halberd
 o - a +4 quarterstaff of chaos
 x - a +2 rapier of draining (weapon)
Missiles
 b - 2 throwing nets
 h - 72 stones (quivered)
 n - 10 needles of confusion
 t - 45 sling bullets
Armour
 i - a +0 ring mail (worn)
 v - a +0 helmet (worn)
 w - a +0 cloak (worn)
 y - a +0 buckler (worn)
Jewellery
 l - an uncursed ring of stealth {unknown}
 s - an uncursed ring of protection from fire {unknown}
 u - an amulet of the acrobat (around neck)
Wands
 e - a wand of random effects (12)
Scrolls
 g - a scroll of amnesia
 r - a scroll of teleportation
 z - a scroll of blinking {unknown}
Potions
 d - a potion of ambrosia {unknown}
 k - 2 potions of agility
 m - 2 potions of lignification
 p - a potion of magic
 q - a potion of flight {unknown}
Comestibles
 c - 6 rations
 f - 3 chunks of flesh


   Skills:
 + Level 4.8(3.4) Fighting
 + Level 0.5(0.0) Short Blades
 + Level 6.0(4.5) Axes
 + Level 4.6(3.2) Armour
 + Level 1.4(0.1) Dodging
 * Level 0.3(0.0) Stealth
 * Level 0.4(0.0) Shields
 + Level 3.0(1.7) Invocations
 * Level 1.1(0.0) Evocations


You had 5 spell levels left.
You didn't know any spells.
Your spell library was empty.

Dungeon Overview and Level Annotations

Branches:
Dungeon (5/15)
 Temple: D:4-7

Altars:
Ashenzari
Makhleb

Annotations:
D:2 Ijyb
D:4 exclusion: downstairs, Menkaure


Message History

You hit Menkaure but do no damage.
Menkaure is moderately damaged.
Menkaure points at you and mumbles some strange words.
You barely resist. You puncture Menkaure!
Menkaure is heavily damaged.
Menkaure casts a spell at you. Pain shoots through your body!
You hit Menkaure.
Menkaure is severely damaged.
Menkaure hits you but does no damage.
You hit Menkaure.
Menkaure is severely damaged.
Menkaure points at you and mumbles some strange words.
Pain shoots through your body!
* * * LOW HITPOINT WARNING * * *
You hit Menkaure.
Menkaure is almost destroyed.
Menkaure hits you!
You die...

.........<......##..#.#.##.......
...........................###...
..........#.#............## #.#.
..........#.#............. #<#.
.#####.#................##.# #...
............#######M.##..#...#...
.#.###.##.#....####..# #.# #.....
..[# #.####...M...# #..... ....
##.@###.. #..... ...#. #...## .#.
#..... .#.. #.### ........ .# ...
..#..... .... #....... .....
###..... .%.. ....... ...<
###...# ....


You could see Menkaure.

Vanquished Creatures
  Eustachio (D:3)
  2 hounds
  An orc priest (D:3)
  Crazy Yiuf (D:3)
  2 worker ants (D:4)
  3 gnolls
  2 oozes
  2 worms
  A dart slug (D:1)
  2 leopard geckos (D:2)
  4 orcs
  3 ball pythons
  2 giant cockroaches
  2 hobgoblins
  6 jackals (D:2)
  6 kobolds
  2 quokkas
  6 bats
  4 frilled lizards
  4 goblins
  A leopard gecko skeleton (D:4)
  7 rats
64 creatures vanquished.

Notes
Turn   | Place    | Note
-------+----------+-------------------------------------------
     0 | Abyss:1  | Acheron the Hill Orc Abyssal Knight began the quest for the
                  | Orb.
     0 | Abyss:1  | Reached XP level 1. HP: 19/19 MP: 2/2
    81 | Abyss:2  | Noticed an orange demon
    82 | D:1      | Escaped the Abyss
   101 | D:1      | Noticed a water moccasin
   101 | D:1      | Noticed a hound
   101 | D:1      | Noticed a polar bear
   101 | D:1      | Noticed a worker ant
   345 | D:2      | Reached skill level 3 in Axes
   345 | D:2      | Reached XP level 2. HP: 26/27 MP: 4/4
   431 | D:1      | Reached * piety under Lugonu
  1009 | D:2      | Reached XP level 3. HP: 33/33 MP: 5/5
  1276 | D:3      | Noticed Ijyb
  1283 | D:2      | Reached skill level 4 in Axes
  1653 | D:2      | Reached skill level 1 in Dodging
  1667 | D:4      | Noticed Eustachio
  1735 | D:2      | Reached XP level 4. HP: 34/40 MP: 6/6
  2299 | D:3      | Reached ** piety under Lugonu
  2366 | D:4      | Reached XP level 5. HP: 27/47 MP: 7/7
  2525 | D:4      | Noticed Menkaure
  2934 | D:3      | Reached skill level 5 in Axes
  3197 | D:3      | Killed Eustachio
  3197 | D:3      | Reached XP level 6. HP: 10/53 MP: 8/8
  3518 | D:3      | Found a shattered altar of Ashenzari.
  3643 | D:3      | Found a runed translucent door.
  3644 | D:3      | Noticed Crazy Yiuf
  3653 | D:3      | Killed Crazy Yiuf
  3778 | D:3      | Found a burning altar of Makhleb.
  3863 | D:4      | Reached skill level 1 in Evocations
  3899 | D:4      | Reached skill level 6 in Axes
  3947 | D:5      | Entered Level 5 of the Dungeon
  3977 | D:5      | Noticed an orc warrior
  4064 | D:4      | Mangled by Menkaure

Skill      XL: |  1  2  3  4  5  6 |
---------------+-------------------+-----
Axes           | 3 4 5 6 |  6.0
Invocations    | 3 |  3.0
Fighting       | 4 |  4.8
Dodging        | 1 |  1.4
Armour         | 3 4 |  4.6
Evocations     | 1 |  1.1
Short Blades   | |  0.5
Stealth        | |  0.3
Shields        | |  0.4

Action                   |  1- 3 |  4- 6 || total
-------------------------+-------+-------++-------
Melee: Hand axe          |    88 |   114 ||   202
       Unarmed           |       |     5 ||     5
       Rapier            |       |    47 ||    47
Invok: Depart the Abyss  |     1 |       ||     1
       Bend Space        |       |     1 ||     1
Evoke: Wand              |       |     1 ||     1
  Use: Scroll            |     5 |     6 ||    11
       Potion            |       |     4 ||     4
  Eat: Chunk             |     3 |     4 ||     7
       Ration            |       |     1 ||     1
Armor: Ring mail         |    43 |    54 ||    97
Dodge: Dodged            |    47 |   110 ||   157
Block: Buckler           |       |     3 ||     3
